AoeStats
← Josep152x

Arabia

508289081Analyzed
2v2 RM · 11d ago on Sep 21, 2026· 72m 23s· 4 players
Game mode
Random Map
Map size
Medium (4 player)
Population
200
Speed
Normal
Resources
Standard
Victory
Conquest
Starting age
Dark Age
Ending age
Imperial Age
RankedLock teamsTeams togetherTeam positionsShared explorationLock speedFull tech treeHidden civsTurbo modeCheats
Victory
Defeat
🇲🇩 Spanish · Moldova
790
+12
🇲🇩 Shu · Moldova
641
+18
🇪🇸 Ethiopians · Spain
687
-15
🇪🇸 Sicilians · Spain
687
-15
Laràs
9:01 Loom
13:59 Feudal Age
14:34 Double-Bit Axe
14:33 Horse Collar
19:15 Scale Mail Armor
20:03 Wheelbarrow
19:24 Stone Mining
19:27 Gold Mining
22:44 Castle Age
25:44 Stone Shaft Mining
25:16 Heavy Plow
27:10 Bow Saw
27:37 Gold Shaft Mining
28:22 Crossbowman
30:42 Ballistics
33:36 Imperial Age
31:56 Man-at-Arms
32:43 Husbandry
34:54 Conscription
37:17 Elite Serjeant
38:27 Hand Cart
37:59 Town Watch
38:34 Forging
38:42 Chain Mail Armor
39:39 Town Patrol
39:15 Cavalier
40:29 Long Swordsman
40:32 Pikeman
41:15 Squires
40:47 Arbalester
47:00 Scale Barding Armor
50:27 Chain Barding Armor
50:44 Iron Casting
52:55 Hauberk
56:53 Onager
Josep152x
12:54 Feudal Age
13:25 Double-Bit Axe
13:21 Horse Collar
17:45 Wheelbarrow
19:05 Fletching
22:27 Castle Age
21:15 Padded Archer Armor
21:15 Gold Mining
23:20 Crossbowman
24:06 Thumb Ring
25:03 Bow Saw
28:58 Bodkin Arrow
29:21 Leather Archer Armor
29:30 Ballistics
30:10 Murder Holes
35:32 Imperial Age
35:58 Arbalester
36:42 Bracer
37:13 Ring Archer Armor
39:36 Gold Shaft Mining
39:31 Hand Cart
40:20 Heavy Cavalry Archer
42:12 Chemistry
41:48 Conscription
43:57 Stone Mining
45:35 Stone Shaft Mining
57:07 Coinage
64:41 Halberdier
65:09 Arson
65:24 Squires
69:41 Elite Skirmisher
no gamble no future
11:31 Feudal Age
12:28 Double-Bit Axe
14:18 Horse Collar
21:00 Castle Age
20:59 Man-at-Arms
21:26 Arson
21:46 Scale Mail Armor
21:56 Forging
23:56 Iron Casting
23:37 Chain Mail Armor
23:43 Chain Mail Armor
25:15 Wheelbarrow
26:53 Hand Cart
27:45 Stone Mining
27:48 Gold Mining
28:17 Heavy Plow
28:40 Town Watch
29:10 Bow Saw
30:37 Fletching
30:47 Padded Archer Armor
31:51 Bodkin Arrow
32:40 Caravan
33:21 Leather Archer Armor
37:07 Imperial Age
37:34 Scale Barding Armor
37:59 Ballistics
37:50 Bracer
38:20 Ring Archer Armor
38:56 Blast Furnace
38:26 Plate Mail Armor
38:52 Chain Barding Armor
38:40 Husbandry
38:52 Bloodlines
38:09 Cavalier
40:00 Conscription
39:40 Elite Conquistador
43:09 Chemistry
42:40 Block Printing
42:37 Fervor
44:24 Two-Man Saw
44:00 Paladin
46:20 Plate Barding Armor
45:27 Pikeman
46:08 Squires
47:35 Stone Shaft Mining
48:07 Inquisition
50:48 Theocracy
57:31 Illumination
appdata
12:49 Feudal Age
13:34 Double-Bit Axe
13:34 Horse Collar
18:58 Castle Age
20:13 Bow Saw
19:37 Crossbowman
21:14 Heavy Plow
23:28 Thumb Ring
23:24 Fletching
23:35 Padded Archer Armor
27:55 Bodkin Arrow
28:16 Leather Archer Armor
30:51 Gold Mining
30:51 Stone Mining
34:42 Imperial Age
37:21 Two-Man Saw
36:43 Arbalester
38:39 Bracer
39:09 Ring Archer Armor
39:03 Conscription
40:54 Gold Shaft Mining
41:24 Bolt Magazine
42:02 Hoardings
43:56 Squires
45:28 Chemistry
44:50 Ballistics
47:26 Forging
47:18 Scale Mail Armor
47:09 Arson
49:38 Coiled Serpent Array
50:15 Elite White Feather Guard
50:25 Pikeman
53:20 Chain Mail Armor
65:32 Murder Holes
65:42 Siege Engineers
65:24 Arrowslits
65:32 Guard Tower
Connection lost

Rejoining the realm…

Still unreachable

The connection could not be restored.

Session expired

The server has moved on; the page needs a fresh start.